 Dungeon Crawl Stone Soup version 0.29.1-1-gd02db6906a (webtiles) character file.

Game seed: 16694647892753935082

1310 funkygono the Thaumaturge (level 8, 0/43 HPs)
             Began as a Deep Elf Fire Elementalist on Oct 18, 2022.
             Succumbed to a kobold brigand's poison
             ... on level 6 of the Dungeon.
             The game lasted 00:09:36 (6821 turns).

funkygono the Thaumaturge (DEFE)                    Turns: 6821, Time: 00:09:36

Health: 0/43       AC:  4    Str:  5    XL:     8   Next: 32%
Magic:  9/23       EV: 13    Int: 23    God:
Gold:   254        SH:  0    Dex: 15    Spells: 18/25 levels left

rFire   . . .      SeeInvis .   t - +2 short sword (speed)
rCold   . . .      Faith    .   g - orb {light}
rNeg    . . .      Spirit   .   a - +0 robe
rPois   .          Reflect  .   y - +0 helmet
rElec   .          Harm     .   (no cloak)
rCorr   .          Rampage  .   k - +0 pair of gloves
Will    .....                   (no boots)
Stlth   +.........              (no amulet)
HPRegen 0.14/turn               (no ring)
MPRegen 0.18/turn               (no ring)

@: lethally poisoned (0 -> -13), glowing
A: no striking features
a: no special abilities


You were on level 6 of the Dungeon.
You visited 1 branch of the dungeon, and saw 6 of its levels.
You also visited: Sewer.

You collected 387 gold pieces.
You spent 133 gold pieces at shops.

Inventory:

Hand Weapons
 d - a +0 dagger of venom
 h - a +1 dagger of venom
 o - a +1 dagger of speed
 t - a +2 short sword of speed (weapon)
 u - the +6 falchion of Disarray {freeze, rPois rN+}
   (You found it on level 5 of the Dungeon)

   It freezes those it strikes, dealing additional cold damage.
   It can also slow down cold-blooded creatures.
   rPois:     It protects you from poison.
   rN:        It protects you from negative energy.
Armour
 a - a +0 robe (worn)
 g - an orb of light (worn)
 k - a +0 pair of gloves (worn)
 x - the +1 chain mail of Modesty {Will+ Int+3}
   (You found it on level 5 of the Dungeon)

   Int:       It affects your intelligence (+3).
   Will:      It increases your willpower.
 y - a +0 helmet (worn)
Wands
 j - a wand of polymorph (10)
Scrolls
 w - 3 scrolls of teleportation
Potions
 b - a potion of magic
 c - 2 potions of berserk rage
 e - 2 potions of resistance
 f - a potion of brilliance {unknown}
 i - a potion of attraction {unknown}
 l - 3 potions of invisibility
 m - 2 potions of might
 n - 3 potions of haste
 q - 2 potions of lignification
 r - 3 potions of curing
 s - 5 potions of heal wounds


   Skills:
 + Level 1.0 Fighting
 + Level 2.9 Dodging
 + Level 3.3 Stealth
 + Level 9.1 Spellcasting
 + Level 5.0 Conjurations
 + Level 6.9 Fire Magic


You had 18 spell levels left.
You knew the following spells:

 Your Spells              Type           Power      Damage    Failure   Level
a - Foxfire               Conj/Fire      100%       2x1d9     1%          1
b - Scorch                Fire           84%        2d9       1%          2
c - Flame Wave            Conj/Fire      38%        2d10      5%          4

Your spell library contained the following spells:

 Spells                   Type           Power      Damage    Failure   Level
 Conjure Flame            Conj/Fire      38%        6-21      1%          3
 Inner Flame              Hex/Fire       26%        N/A       4%          3
 Anguish                  Hex/Necr       5%         N/A       52%         4
 Enfeeble                 Hex            5%         N/A       100%        7


Dungeon Overview and Level Annotations

Branches:
Dungeon (6/15)             Temple (0/1) D:5           Sewer (visited)

Altars:
Ashenzari
Cheibriados
Dithmenos
Elyvilon
Fedhas
Ru
The Shining One

Shops:
D:4 *   D:5 *


Message History

You finish channelling waves of flame.
You feel sick.
The kobold brigand hits you with a +0 dagger.
Unknown command.
You feel sick.
The kobold throws a poisoned dart.
The poisoned dart hits you!
You are more poisoned.
The kobold brigand attacks as you move away!
The kobold brigand closely misses you.
You feel very sick.
You feel sick.
The kobold brigand attacks as you move away!
The kobold brigand hits you with a +0 dagger.
You feel sick.
The kobold brigand throws a poisoned dart.
The poisoned dart hits you!
You are lethally poisoned!
* * * LOW HITPOINT WARNING * * *
You feel very sick.
The kobold brigand throws a poisoned dart.
The poisoned dart hits you!
You are more poisoned.
Casting: Flame Wave (dangerous; 5% risk of failure)
Confirm with . or Enter, or press ? or * to list all spells.
You conjure some foxfire!
* * * LOW HITPOINT WARNING * * *
You feel very sick.
Casting: Foxfire (safe; 1% risk of failure)
Confirm with . or Enter, or press ? or * to list all spells.
You conjure some foxfire!
* * * LOW HITPOINT WARNING * * *
You feel very sick.
The foxfire hits the kobold brigand!
You kill the kobold brigand!
The black bear dissolves into shadows!
Your Conjurations skill increases to level 5!
Casting: Foxfire (safe; 1% risk of failure)
Confirm with . or Enter, or press ? or * to list all spells.
Flames lash the kobold.
The kobold is severely wounded.
The kobold's fire resistance burns away.
You die...

#####.# #.
.......... #.#
#..#...).....
#.#
#..#.#)......
#.#
#....†..K.>.#
#.#
##.#.###...##
#.# # #K# ##
#.# #.#)# #.#
#.#.# #.#
#.#@### #.#
#.§vv.#
#######.#
#.....###
#.......#
#.......#
#.#######
#.....#.# #.#
#.....#.# #.#
###.###.# #.#
#.# #.# #.#
########.###.#


You could see a kobold (combustible, ally target).

Vanquished Creatures
  A water moccasin (Sewer)
  An orc warrior (D:4)
  A black bear (D:5)
  2 ogres (D:5)
  2 kobold brigands
  A necrophage (D:5)
  2 scorpions
  A howler monkey (D:5)
  An orc priest (D:5)
  A hound (D:5)
  A jelly (D:6)
  An iguana (D:5)
  3 orc wizards (D:4)
  8 gnolls
  9 adders
  3 worms
  2 dart slugs
  23 orcs
  13 bats
  11 endoplasms
  6 giant cockroaches
  4 hobgoblins
  8 jackals
  11 kobolds
  4 quokkas
  10 ball pythons
  A frilled lizard (D:2)
  6 goblins
  3 rats
140 creatures vanquished.

Vanquished Creatures (collateral kills)
  3 foxfires (D:1)
3 creatures vanquished.

Vanquished Creatures (others)
  426 foxfires
  35 plants (D:3)
461 creatures vanquished.

Grand Total: 604 creatures vanquished

Notes
Turn   | Place    | Note
-------+----------+-------------------------------------------
     0 | D:1      | funkygono the Deep Elf Fire Elementalist began the quest
                  | for the Orb.
     0 | D:1      | Reached XP level 1. HP: 10/10 MP: 6/6
   309 | D:1      | Reached XP level 2. HP: 1/15 MP: 1/8
   663 | D:1      | Found a faded altar of an unknown god.
   823 | D:1      | Learned a level 2 spell: Scorch
  1258 | D:1      | Reached XP level 3. HP: 19/19 MP: 6/10
  2482 | D:2      | Reached skill level 4 in Spellcasting
  3144 | D:3      | Reached XP level 4. HP: 23/24 MP: 8/12
  3240 | D:3      | Found a shadowy altar of Dithmenos.
  3468 | D:3      | Reached skill level 5 in Spellcasting
  3468 | D:3      | Reached XP level 5. HP: 23/28 MP: 1/14
  3601 | D:3      | Found a white marble altar of Elyvilon.
  3707 | D:3      | Found a broken altar of Ashenzari.
  3851 | D:3      | Found a blossoming altar of Fedhas.
  4110 | D:4      | HP: 1/28 [poisoned by a scorpion]
  4233 | D:4      | Reached XP level 6. HP: 25/33 MP: 3/16
  4315 | D:4      | Noticed an orc warrior
  4475 | D:4      | Found a glowing drain.
  4486 | D:4      | Reached skill level 5 in Fire Magic
  4488 | D:4      | Reached skill level 6 in Spellcasting
  4528 | Sewer    | Entered a sewer
  4759 | Sewer    | Noticed a water moccasin
  4765 | Sewer    | Killed a water moccasin
  5038 | D:4      | Reached XP level 7. HP: 37/37 MP: 6/19
  5148 | D:4      | Reached skill level 1 in Fighting
  5148 | D:4      | Reached skill level 7 in Spellcasting
  5157 | D:4      | Learned a level 4 spell: Flame Wave
  5391 | D:4      | Found a sacrificial altar of Ru.
  5483 | D:4      | Found Ihisal's Assorted Antiques.
  5640 | D:5      | Entered Level 5 of the Dungeon
  5804 | D:5      | Reached skill level 8 in Spellcasting
  5884 | D:5      | Found a glowing golden altar of the Shining One.
  6014 | D:5      | Reached XP level 8. HP: 37/43 MP: 14/22
  6091 | D:5      | Identified the +6 falchion of Disarray {freeze, rPois rN+}
  6276 | D:5      | Found a staircase to the Ecumenical Temple.
  6280 | D:5      | Identified the +1 chain mail of Modesty {Will+ Int+3}
  6311 | D:5      | Found Helidd's Humungous Hoard.
  6317 | D:5      | Bought a +0 helmet for 63 gold pieces
  6317 | D:5      | Bought a potion of heal wounds for 70 gold pieces
  6446 | D:5      | Found a snail-covered altar of Cheibriados.
  6809 | D:6      | Reached skill level 9 in Spellcasting
  6821 | D:6      | Reached skill level 5 in Conjurations
  6821 | D:6      | Succumbed to a kobold brigand's poison

Illustrated notes

Levels and vault maps discovered:
D:1:      dpeg_arrival_pits, layout_basic, shapermc_ecumenical_altar_gd,
          st_stairs_1
D:2:      layout_loops_corners, minivault_26, minmay_diced_spiral
D:3:      layout_rooms, nicolae_dithmenos_through_a_glass_darkly,
          mainiacjoe_overflow_six_doors_small,
          mainiacjoe_overflow_catch_the_wave
D:4:      layout_cave_pools, mainiacjoe_overflow_surrounded_room,
          gup_sewer_entry_glass, serial_shops, shop_statue
D:5:      layout_loops_cross, tso_altar, mainiacjoe_overflow_alcove_2,
          minmay_temple_entry_from_below_b, nicolae_alphabet_shops
D:6:      layout_loops_ring, kennysheep_mini_moat, minivault_14, nzn_random_ring

Skill      XL: |  1  2  3  4  5  6  7  8 |
---------------+-------------------------+-----
Fire Magic     | 4 5 6 |  6.9
Spellcasting   | 4 5 6 8 9 |  9.1
Conjurations   | 2 3 4 5 |  5.0
Stealth        | 3 |  3.3
Fighting       | 1 |  1.0
Dodging        | |  2.9

Action                   |  1- 3 |  4- 6 |  7- 9 || total
-------------------------+-------+-------+-------++-------
Melee: Dagger            |     6 |     8 |       ||    14
       Short sword       |       |       |     1 ||     1
 Cast: Foxfire           |    80 |   135 |    43 ||   258
       Scorch            |    10 |    15 |    10 ||    35
       Flame Wave        |       |       |     2 ||     2
  Use: Scroll            |     7 |     5 |     5 ||    17
       Potion            |       |     1 |       ||     1
Armor: Robe              |     8 |    17 |     1 ||    26
Dodge: Dodged            |    28 |    39 |     5 ||    72
